AoeStats
← Nhan_prime

Glade

510567836Analyzed
1v1 RM · 2d ago on Oct 1, 2026· 62m 57s· 2 players
Game mode
Random Map
Map size
Tiny (2 player)
Population
200
Speed
Normal
Resources
Standard
Victory
Conquest
Starting age
Dark Age
Ending age
Imperial Age
RankedLock teamsTeams togetherTeam positionsShared explorationLock speedFull tech treeHidden civsTurbo modeCheats
Victory
Defeat
🇦🇷 Sicilians · Argentina
752
+14
🇻🇳 Bohemians · Vietnam
703
-14
Nhan_prime
0:28 Loom
13:38 Feudal Age
14:03 Double-Bit Axe
14:02 Horse Collar
17:05 Arson
18:08 Fletching
25:55 Padded Archer Armor
26:06 Forging
30:17 Castle Age
31:53 Bodkin Arrow
33:36 Wagenburg Tactics
34:28 Bow Saw
35:16 Pikeman
36:35 Heavy Plow
37:26 Wheelbarrow
38:23 Redemption
40:51 Ballistics
41:34 Chemistry
42:36 Hand Cart
47:47 Imperial Age
45:54 Masonry
47:04 Murder Holes
48:07 Town Watch
49:26 Conscription
50:18 Two-Man Saw
61:21 Squires
Jarl Goni
3:36 Loom
10:57 Feudal Age
13:49 Double-Bit Axe
18:36 Fletching
20:10 Forging
22:37 Horse Collar
26:30 Town Watch
29:14 Castle Age
29:18 Scale Mail Armor
29:44 Gold Mining
29:45 Stone Mining
29:54 Bodkin Arrow
30:55 Chain Mail Armor
31:17 Heavy Plow
31:44 Squires
34:00 Scale Barding Armor
35:26 Bloodlines
35:17 Husbandry
36:15 Light Cavalry
41:34 Stone Shaft Mining
41:49 Wheelbarrow
41:16 Town Patrol
42:03 Chain Barding Armor
44:38 Murder Holes
45:04 Ballistics
46:06 Masonry
52:20 Imperial Age
53:33 Conscription
53:26 Cavalier
61:12 Bow Saw
62:33 Crossbowman
Connection lost

Rejoining the realm…

Still unreachable

The connection could not be restored.

Session expired

The server has moved on; the page needs a fresh start.